 Dungeon Crawl Stone Soup version 0.30-a0-1163-gf69bf04e7a (webtiles) character file.

Game seed: 8630432313232757615

1654 Ahpoh the Slasher (level 9, -1/47 HPs)
             Began as a Vine Stalker Berserker on Apr 28, 2023.
             Was a Priest of Trog.
             Succumbed to a killer bee's poison
             ... on level 5 of the Dungeon.
             The game lasted 00:13:17 (4497 turns).

Ahpoh the Slasher (Vine Stalker Berserker)          Turns: 4497, Time: 00:13:18

Health: -1/47      AC: 13    Str: 22      XL:     9   Next: 0%
Magic:  12/19      EV: 10    Int:  7      God:    Trog [***...]
Gold:   139        SH:  5    Dex: 17 (18) Spells: 8/8 levels left

rFire   . . .        a - +0 falchion
rCold   . . .        (no shield)
rNeg    . . .        p - +0 chain mail
rPois   .            (helmet restricted)
rElec   .            s - +0 cloak
rCorr   .            (no gloves)
SInv    .            k - +1 pair of boots of Resonance {Str+2}
Will    +....        w - amulet of reflection Stlth
                     y - ring of magical power
HPRegen 1.07/turn    (no ring)
MPRegen 0.16/turn

%: reflection, guardian spirit
@: lethally poisoned (-1 -> -5), on berserk cooldown
A: fangs 3, regeneration 1, magic shield, antimagic bite, no potion heal 2,
horns 1, deterioration 1
a: Renounce Religion, Berserk, Trog's Hand


You were on level 5 of the Dungeon.
You worshipped Trog.
Trog was most pleased with you.
You visited 1 branch of the dungeon, and saw 5 of its levels.

You collected 251 gold pieces.
You spent 112 gold pieces at shops.

Inventory:

Hand Weapons
 a - a +0 falchion (weapon)
Armour
 k - the +1 pair of boots of Resonance (worn) {Str+2}
   (You found it on level 2 of the Dungeon)

   Str:       It affects your strength (+2).
 p - a +0 chain mail (worn)
 s - a +0 cloak (worn)
Jewellery
 w - an amulet of reflection (around neck)
 y - a ring of magical power (left hand)
Wands
 r - a wand of light (1)
 v - a wand of iceblast (3)
 x - a wand of polymorph (4)
Scrolls
 c - a scroll of vulnerability
 h - 3 scrolls of teleportation {unknown}
 i - 2 scrolls of magic mapping {unknown}
 l - a scroll of enchant armour
 q - a scroll of fear
 u - a scroll of amnesia
Potions
 b - a potion of ambrosia
 d - a potion of attraction {unknown}
 e - 3 potions of might {unknown}
 f - 2 potions of berserk rage {unknown}
 g - a potion of invisibility {unknown}
 j - a potion of cancellation {unknown}
 m - a potion of heal wounds {unknown}
 n - 2 potions of curing {unknown}
 t - a potion of flight {unknown}
 z - a potion of magic {unknown}


   Skills:
 + Level 5.0 Fighting
 + Level 7.2 Long Blades
 + Level 4.8 Armour
 + Level 3.0 Dodging
 + Level 2.0 Stealth
 + Level 0.6 Shields


You had 8 spell levels left.
You didn't know any spells.
Your spell library was empty.

Dungeon Overview and Level Annotations

Branches:
Dungeon (5/15)
 Temple: D:4-7

Altars:
Cheibriados
Hepliaklqana
Makhleb
Ru
Sif Muna
Zin

Shops:
D:1 !   D:5 *

Annotations:
D:5 1 transporter


Innate Abilities, Weirdness & Mutations

You have razor-sharp teeth.
Your natural rate of healing is unusually fast.
When hurt, damage is shared between your health and your magic reserves.
Your bite disrupts and absorbs the magic of your enemies.
Potions cannot restore your health.
You have a pair of small horns on your head.
Your body sometimes deteriorates upon taking damage.


Message History

The killer bee barely misses you. x3; The killer bee stings you.
You hit the killer bee. You headbutt the killer bee.
The killer bee is almost dead.
* * * LOW HITPOINT WARNING * * *
You feel very sick. The killer bee closely misses you.
The killer bee stings you but does no damage. x2
You barely miss the killer bee. Your bite misses the killer bee.
The killer bee is almost dead.
* * * LOW HITPOINT WARNING * * *
Your body deteriorates!
You feel clumsy.
You feel very sick. You block the killer bee's attack.
The killer bee completely misses you.
The killer bee stings you but does no damage.
The killer bee barely misses you. x2; You block the killer bee's attack.
You miss the killer bee.
The killer bee is almost dead.
* * * LOW HITPOINT WARNING * * *
You feel very sick. The killer bee misses you.
The killer bee stings you but does no damage. x2
The killer bee closely misses you. The killer bee barely misses you.
You block the killer bee's attack.
You hit the killer bee.
You kill the killer bee!
Trog accepts your kill.
* * * LOW HITPOINT WARNING * * *
You feel very sick.
The killer bee stings you but does no damage. x2
The killer bee barely misses you.
The killer bee stings you but does no damage.
You have reached level 9!
Your experience leads to an increase in your attributes!
Your base attributes are Str 20, Int 7, Dex 16.
Increase (S)trength, (I)ntelligence, or (D)exterity?
You feel agile. x2
The killer bee attacks as you move away!
The killer bee stings you but does no damage.
The killer bee attacks as you move away!
The killer bee misses you.
You die...

#..##..!#...##.....(........
#..#y#.#.#.#.#.............#
#..#yy#...#..#.....#....##.#
#.©#yy#.#.#.©#©.#####..###..
##.#y.#..!#.y#.#####....##..
#.#.#.#.#.#y#...#..........
#.##...#.yy##...#.####.####
#.# ##.#.#.##.....##.....##
#.# #.†@##.....#.......# #.#
##.###..##.#.......# #..
#####....#....._....
##.###.......#.......#
.............#.......#
###......##...##.....##
########....####.####
#.............
###.........##


You could see 4 killer bees.

Vanquished Creatures
  The ghost of RealBenFromCanada the Firebug, a novice DrFE of Qazlal (D:5)
  A water moccasin (D:5)
  An ice beast (D:5)
  2 black bears
  2 phantoms
  2 scorpions
  A killer bee (D:5)
  5 hounds
  Crazy Yiuf (D:3)
  2 sleepcaps
  3 iguanas
  An orc wizard (D:5)
  3 gnolls (D:2)
  7 adders
  A white imp (D:5)
  An ufetubus (D:5)
  9 worms
  2 dart slugs
  9 orcs
  8 ball pythons
  7 endoplasms
  3 giant cockroaches
  6 goblins
  4 hobgoblins
  6 jackals
  9 kobolds
  5 quokkas
  8 bats
  A frilled lizard (D:1)
  A rat (D:3)
112 creatures vanquished.

Vanquished Creatures (others)
  A demonic plant (D:1)
  A withered plant (D:1)
2 creatures vanquished.

Grand Total: 114 creatures vanquished

Notes
Turn   | Place    | Note
-------+----------+-------------------------------------------
     0 | D:1      | Ahpoh the Vine Stalker Berserker began the quest for the
                  | Orb.
     0 | D:1      | Reached XP level 1. HP: 11/11 MP: 2/2
    93 | D:1      | Found a faded altar of an unknown god.
   168 | D:1      | Reached XP level 2. HP: 16/16 MP: 3/3
   180 | D:1      | Reached skill level 3 in Long Blades
   735 | D:1      | Found Wadeley's Distillery.
   773 | D:1      | Reached XP level 3. HP: 20/20 MP: 4/4
  1095 | D:2      | Identified the +1 pair of boots of Resonance {Str+2}
  1261 | D:2      | Gained mutation: Your natural rate of healing is unusually
                  | fast. [Vine Stalker growth]
  1261 | D:2      | Reached XP level 4. HP: 10/24 MP: 2/5
  1726 | D:1      | Bought a potion of mutation for 112 gold pieces
  1728 | D:1      | Gained mutation: You have a pair of small horns on your
                  | head. [potion of mutation]
  1728 | D:1      | Gained mutation: Your body sometimes deteriorates upon
                  | taking damage. [potion of mutation]
  1829 | D:3      | Found a runed translucent door.
  1830 | D:3      | Noticed Crazy Yiuf
  1876 | D:3      | Noticed a scorpion
  1881 | D:3      | Killed a scorpion
  1882 | D:3      | Reached skill level 1 in Stealth
  1882 | D:3      | Reached XP level 5. HP: 28/28 MP: 6/6
  2294 | D:3      | Reached ** piety under Trog
  2873 | D:3      | Killed Crazy Yiuf
  2874 | D:3      | Reached skill level 4 in Long Blades
  2910 | D:3      | Identified the +1 hammer "Iskigya" {venom, rC+ SInv}
  3038 | D:3      | Reached XP level 6. HP: 30/32 MP: 5/7
  3206 | D:4      | Found a burning altar of Makhleb.
  3358 | D:4      | Reached skill level 5 in Long Blades
  3358 | D:4      | Reached XP level 7. HP: 37/37 MP: 8/8
  3553 | D:4      | Found a shimmering blue altar of Sif Muna.
  3562 | D:4      | Found a hazy altar of Hepliaklqana.
  3592 | D:5      | Entered Level 5 of the Dungeon
  3646 | D:5      | Found Zin's Purification Station.
  3674 | D:5      | Found a glowing silver altar of Zin.
  3713 | D:5      | Gained mutation: You have razor-sharp teeth. [Vine Stalker
                  | growth]
  3713 | D:5      | Reached XP level 8. HP: 36/42 MP: 7/9
  3720 | D:5      | Reached skill level 6 in Long Blades
  3799 | D:5      | Reached *** piety under Trog
  4324 | D:5      | Found a snail-covered altar of Cheibriados.
  4374 | D:5      | Found a sacrificial altar of Ru.
  4393 | D:5      | Noticed RealBenFromCanada's ghost (novice DrFE)
  4410 | D:5      | Found a transporter.
  4414 | D:5      | Found a transporter.
  4461 | D:5      | Killed RealBenFromCanada's ghost
  4462 | D:5      | Reached skill level 5 in Fighting
  4462 | D:5      | Reached skill level 7 in Long Blades
  4496 | D:5      | HP: 1/43 [poisoned by a killer bee]
  4497 | D:5      | Reached XP level 9. HP: 1/47 MP: 10/10
  4497 | D:5      | Succumbed to a killer bee's poison

Illustrated notes

Levels and vault maps discovered:
D:1:      lightli_arrival_maybe_door_vault, layout_basic, serial_shops,
          nicolae_shop_industrial_runoff, shapermc_ecumenical_altar_gd
D:2:      layout_rooms
D:3:      layout_loops_ring, uniq_crazy_yiuf_cottage
D:4:      layout_gridville, lemuel_coloured_pillars_altar,
          mainiacjoe_overflow_swirl
D:5:      layout_cave_pools, zin_purify, old_standard_altar, slow_altar_2,
          gammafunk_ghost_hive, grunt_ministairs_12, nicolae_wormholes

Skill      XL: |  1  2  3  4  5  6  7  8 |
---------------+-------------------------+-----
Long Blades    | 3 4 5 7 |  7.2
Fighting       | 3 4 5 |  5.0
Dodging        | 2 3 |  3.0
Armour         | 2 3 4 |  4.8
Stealth        | 1 2 |  2.0
Shields        | |  0.6

Action                     |  1- 3 |  4- 6 |  7- 9 || total
---------------------------+-------+-------+-------++-------
  Melee: Falchion          |    85 |   120 |   138 ||   343
         Bite              |    21 |    44 |    44 ||   109
         Headbutt          |       |    15 |    28 ||    43
         Punch             |       |       |     4 ||     4
 Invoke: Berserk           |     2 |     3 |     2 ||     7
         Trog's Hand       |       |       |     1 ||     1
    Use: Potion            |       |     1 |       ||     1
         Scroll            |       |       |     4 ||     4
 Armour: Animal skin       |    16 |       |       ||    16
         Ring mail         |    34 |    26 |       ||    60
         Chain mail        |       |    53 |   106 ||   159
  Dodge: Dodged            |    77 |    85 |    89 ||   251
  Block: Other             |       |       |    18 ||    18
         Reflection        |       |       |     1 ||     1

Table legend: (Time is in decaauts)
 A = Elapsed time spent in this place.
 B = Non-inter-level travel time spent in this place.
 C = Inter-level travel time spent in this place.
 D = Time resting spent in this place.
 E = Time spent auto-exploring this place.
 F = Levels seen in this place.
 G = Mean time per level.
                   A        B        C        D        E       F      G
               +--------+--------+--------+--------+--------+-----+--------+
         Total |   4590 |   4450 |    140 |    769 |   2190 |   5 |  918.0 |
       Dungeon |   4590 |   4450 |    140 |    769 |   2190 |   5 |  918.0 |
               +--------+--------+--------+--------+--------+-----+--------+

Top non-repeatable levels by time:
     D:3: 1392 daAuts
     D:1: 1126 daAuts
     D:5: 915 daAuts
     D:2: 587 daAuts
     D:4: 568 daAuts
